 Dungeon Crawl Stone Soup version 0.22.0-6-g71bd7aa (webtiles) character file.

40 Amnesiac the Magician (level 3, -5/24 HPs)
             Began as a Mummy Air Elementalist on Aug 16, 2018.
             Slain by a hound (6 damage)
             ... on level 4 of the Dungeon.
             The game lasted 00:02:59 (873 turns).

Amnesiac the Magician (Mummy Air Elementalist)       Turns: 873, Time: 00:03:00

Health: -5/24      AC:  2    Str: 11    XL:     3   Next: 30%
Magic:  8/8        EV: 12    Int: 15    God:
Gold:   9          SH:  0    Dex: 12    Spells: 6/9 levels left

rFire    x . .     SeeInvis .   d - +0 dagger
rCold    + . .     Gourm    .   (no shield)
rNeg     + + +     Faith    .   a - +0 robe
rPois    ∞         Spirit   .   (no helmet)
rElec    .         Reflect  .   (no cloak)
rCorr    .         Harm     .   (no gloves)
MR       .....                  (no boots)
Stlth    ++........             (no amulet)
HPRegen  0.08/turn              (no ring)
MPRegen  0.11/turn              (no ring)

@: no status effects
A: no food or potions, fire vulnerability, cold resistance 1, negative energy
resistance 3, torment resistance, unbreathing
a: no special abilities


You were on level 4 of the Dungeon.
You were not hungry.

You visited 1 branch of the dungeon, and saw 4 of its levels.

You collected 9 gold pieces.

Inventory:

Hand Weapons
 d - a +0 dagger (weapon)
Armour
 a - a +0 robe (worn)
Wands
 b - a wand of acid (8)


   Skills:
 - Level 1.5 Dodging
 - Level 1.5 Stealth
 + Level 3.9 Spellcasting
 - Level 0.7 Conjurations
 + Level 3.1 Air Magic


You had 6 spell levels left.
You knew the following spells:

 Your Spells              Type           Power        Failure   Level  Hunger
a - Shock                 Conj/Air       #...         9%          1    N/A
z - Swiftness             Chrm/Air       #.......     14%         2    N/A

Your spell library contained the following spells:

 Spells                   Type           Power        Failure   Level  Hunger
 Lightning Bolt           Conj/Air       #.........   93%         5    N/A
 Airstrike                Air            ##........   45%         4    N/A
 Static Discharge         Conj/Air       #.......     26%         3    N/A

Dungeon Overview and Level Annotations

Branches:
Dungeon (4/15)
 Temple: D:4-7

Altars:


Innate Abilities, Weirdness & Mutations

You do not eat or drink.
Your flesh is vulnerable to fire.
You are immune to poison.
Your flesh is cold resistant. (rC+)
You are immune to negative energy. (rN+++)
You are immune to unholy pain and torment.
You can survive without breathing.


Message History

As you read the scroll labeled DUIZIM FOTU {!r}, it crumbles to dust.
You feel strangely unstable.
It was a scroll of teleportation {!r}.
Really read
f - a scroll labeled VUEN EVUHEOPT {!r}?
As you read the scroll labeled VUEN EVUHEOPT {!r}, it crumbles to dust.
It is a scroll of amnesia.
Okay, then.
You start waiting.
Your surroundings suddenly seem different.
A sky beast comes into view.
Found a robe and a ring mail.
Found a stone staircase leading up.
A frilled lizard, a hound and a worker ant come into view.
The worker ant twitches its antennae in your direction.
Found an inky potion.
An adder skeleton comes into view.
You see here an inky potion {!q}.
The adder skeleton closely misses you.
Casting: Shock (safe; 9% risk of failure)
Confirm with . or Enter, or press ? or * to list all spells.
Aiming: Shock (safe; 9% risk of failure)
Press: ? - help, Shift-Dir - straight line The zap hits the adder skeleton.
The adder skeleton is moderately damaged.
The zap hits the adder skeleton.
The adder skeleton is moderately damaged.
The adder skeleton bites you. The sky beast hits you. The sky beast shocks you.
Casting: Shock (safe; 9% risk of failure)
Confirm with . or Enter, or press ? or * to list all spells.
Aiming: Shock (safe; 9% risk of failure)
Press: ? - help, Shift-Dir - straight line The zap hits the adder skeleton.
The adder skeleton is severely damaged.
The zap hits the adder skeleton.
The adder skeleton is severely damaged.
The adder skeleton bites you but does no damage.
The sky beast closely misses you.
Casting: Shock (safe; 9% risk of failure)
Confirm with . or Enter, or press ? or * to list all spells.
Aiming: Shock (safe; 9% risk of failure)
Press: ? - help, Shift-Dir - straight line, f - adder skeleton
Aim: an adder skeleton (severely damaged)
The zap hits the adder skeleton.
The adder skeleton is almost destroyed.
The zap hits the adder skeleton.
You destroy the adder skeleton!
The sky beast hits you.
* * * LOW HITPOINT WARNING * * *
The sky beast shocks you.
* * * LOW HITPOINT WARNING * * *
The sky beast flickers out of sight!
Deactivating autopickup; reactivate with Ctrl-A.
A sky beast appears from thin air!
Reactivating autopickup.
The sky beast flickers out of sight!
Deactivating autopickup; reactivate with Ctrl-A.
The hound barks!
A sky beast appears from thin air!
Reactivating autopickup.
You hear the slow hiss of a distant avalanche of sand.
The hound bites you.
* * * LOW HITPOINT WARNING * * *
The hound bites you.
* * * LOW HITPOINT WARNING * * *
The hound bites you.
You die...

.#. #.# #..# #.# ..#
#..# #.# ##..# #..#
#.# ##.l.<# #..# #.#
#.....# ##..#
#.###..#..#
#...#######..........
#.#.@ha.Y.....#......
#...#########........
###.# ##....... #.#
#..#.##. #.# #..#.##.
#!# #######.......
#.# #...a.........
#.# #.#####[......
#a# #.# ########


You could see a sky beast, a hound and a worker ant.

Vanquished Creatures
  An adder (D:3)
  An ooze (D:3)
  An adder skeleton (D:4)
  2 leopard geckos (D:3)
  3 orcs (D:3)
  2 bats (D:3)
  A goblin (D:2)
  2 hobgoblins (D:3)
  A kobold (D:3)
  4 frilled lizards
  3 rats (D:3)
21 creatures vanquished.

Notes
Turn   | Place    | Note
-------+----------+-------------------------------------------
     0 | D:1      | Amnesiac the Mummy Air Elementalist began the quest for the Orb.
     0 | D:1      | Reached XP level 1. HP: 13/13 MP: 4/4
   251 | D:3      | Reached XP level 2. HP: 19/19 MP: 1/6
   610 | D:3      | Learned a level 2 spell: Swiftness
   630 | D:3      | Reached XP level 3. HP: 24/24 MP: 6/8
   822 | D:4      | Noticed a sky beast
   871 | D:4      | HP: 1/24 [hound (2)]
   873 | D:4      | Slain by a hound

Skill      XL: |  1  2 |
---------------+-------+-----
Spellcasting   | 3 |  3.9
Air Magic      | 3 |  3.1
Dodging        | |  1.5
Stealth        | |  1.5
Conjurations   | |  0.7

Action                   || total
-------------------------++-------
Melee: Unarmed           ||    10
       Dagger            ||     2
 Cast: Shock             ||    36
  Use: Scroll            ||     3
Armor: Robe              ||     6
Dodge: Dodged            ||    20
